 Dungeon Crawl Stone Soup version 0.29.1-2-gbd0b4ee654 (webtiles) character file.

Game seed: 8217141390200346812

5140 Earthwalker the Fighter (level 10, -2/92 HPs)
             Began as a Minotaur Fighter on Oct 23, 2022.
             Was a Believer of Okawaru.
             Slain by an orc warrior
             ... wielding a +0 glaive
              (14 damage)
             ... on level 9 of the Dungeon.
             The game lasted 00:17:54 (7386 turns).

Earthwalker the Fighter (Minotaur Fighter)          Turns: 7386, Time: 00:17:54

Health: -2/92      AC: 14    Str: 25    XL:     10   Next: 33%
Magic:  9/9        EV:  7    Int:  5    God:    Okawaru [**....]
Gold:   372        SH: 10    Dex: 10    Spells: 9/9 levels left

rFire   . . .      SeeInvis +   a - +0 war axe
rCold   . . .      Faith    .   q - +0 kite shield
rNeg    . . .      Spirit   .   D - +0 plate armour
rPois   .          Reflect  .   (helmet restricted)
rElec   .          Harm     .   (no cloak)
rCorr   .          Rampage  .   (no gloves)
Will    .....                   (no boots)
Stlth   ..........              k - amulet of regeneration
HPRegen 1.05/turn               m - ring of see invisible
MPRegen 0.11/turn               (no ring)

@: no status effects
A: horns 2, retaliatory headbutt
a: Renounce Religion, Heroism


You were on level 9 of the Dungeon.
You worshipped Okawaru.
Okawaru was pleased with you.
You visited 2 branches of the dungeon, and saw 10 of its levels.

You collected 372 gold pieces.

Inventory:

Hand Weapons
 a - a +0 war axe (weapon)
Missiles
 j - 3 javelins
 l - 6 boomerangs (quivered)
 O - 4 poisoned darts
Armour
 b - a +0 scale mail
 c - a +0 buckler
 q - a +0 kite shield (worn)
 D - a +0 plate armour (worn)
Jewellery
 k - an amulet of regeneration (around neck)
 m - a ring of see invisible (left hand)
 y - a ring of fire
 J - a +4 ring of evasion
Wands
 v - a wand of polymorph (27)
 F - a wand of mindburst (10)
 M - a wand of iceblast (6)
Scrolls
 f - 2 scrolls of fog
 h - 2 scrolls of magic mapping
 i - 2 scrolls of teleportation
 n - a scroll of enchant weapon
 o - a scroll of immolation
 p - 2 scrolls of enchant armour
 r - a scroll of poison
 u - a scroll of amnesia
 w - a scroll of vulnerability
 x - a scroll of fear
 C - 6 scrolls of noise
 L - a scroll of torment
 Q - a scroll of blinking {unknown}
Potions
 d - 2 potions of might
 e - 5 potions of heal wounds {unknown}
 g - 2 potions of berserk rage {unknown}
 s - 4 potions of curing
 t - 2 potions of mutation {unknown}
 z - 4 potions of invisibility {unknown}
 A - 2 potions of degeneration {unknown}
 B - 2 potions of attraction {unknown}
 E - 2 potions of lignification {unknown}
 G - a potion of magic {unknown}
 H - a potion of haste {unknown}
 I - a potion of resistance {unknown}
 K - a potion of ambrosia {unknown}
 N - a potion of cancellation {unknown}
 P - a potion of brilliance {unknown}


   Skills:
 * Level 9.7 Fighting
 * Level 9.2 Axes
 * Level 9.7 Armour
 - Level 3.8 Dodging
 * Level 9.7 Shields


You had 9 spell levels left.
You didn't know any spells.
Your spell library contained the following spells:

 Spells                   Type           Power      Damage    Failure   Level
 Magic Dart               Conj           0%         1d3       100%        1
 Mephitic Cloud           Conj/Pois/Air  0%         N/A       100%        3
 Blade Hands              Tmut           0%         N/A       100%        5
 Iron Shot                Conj/Erth      0%         9d1       100%        6
 Orb of Destruction       Conj           0%         9d5       100%        7
 Call Imp                 Summ           Unusable   N/A       N/A         2
 Summon Guardian Golem    Hex/Summ       Unusable   N/A       N/A         3
 Animate Armour           Summ/Erth      Unusable   N/A       N/A         4
 Summon Forest            Summ/Tloc      Unusable   N/A       N/A         5
 Summon Mana Viper        Hex/Summ       Unusable   N/A       N/A         5
 Summon Cactus Giant      Summ           Unusable   N/A       N/A         6
 Spellforged Servitor     Conj/Summ      Unusable   N/A       N/A         7

Dungeon Overview and Level Annotations

Branches:
Dungeon (9/15)             Temple (1/1) D:7
   Lair: D:8-11         Orc: D:9-12

Altars:
Ashenzari
Cheibriados
Dithmenos
Elyvilon
Fedhas
Gozag
Hepliaklqana
Kikubaaqudgha
Makhleb
Okawaru
Qazlal
Ru
Sif Muna
Trog
Uskayaw
Vehumet
Xom
Yredelemnul
Zin
The Shining One

Shops:
D:1 =   D:3 [   D:6 :((


Innate Abilities, Weirdness & Mutations

You have a pair of horns on your head.
You reflexively headbutt those who attack you in melee.


Message History

You slash the yak!
You kill the yak!
Okawaru accepts your kill.
You hit the yak.
The orc warrior hits you but does no damage.
The yak gores you but does no damage.
You slash the yak!
You kill the yak!
Okawaru accepts your kill.
A yak comes into view.
You block the orc warrior's attack.
The orc warrior hits you with a +0 glaive.
You see here a yak corpse.
You slash the orc warrior!
The orc warrior is heavily wounded.
The orc warrior hits you with a +0 glaive!
You are too injured to fight recklessly!
You are too injured to fight recklessly!
You are too injured to fight recklessly!
You hit the orc warrior.
The orc warrior is severely wounded.
You hit the yak but do no damage. You block the yak's attack.
The orc warrior hits you with a +0 glaive!
* * * LOW HITPOINT WARNING * * *
An orc comes into view. It is wielding a +0 quarterstaff.
You block the yak's attack. The orc warrior barely misses you.
The orc shouts!
You hit the orc warrior.
The orc warrior is severely wounded.
You hit the yak.
You hear a bellow!
You block the yak's attack.
The orc warrior hits you with a +0 glaive!
* * * LOW HITPOINT WARNING * * *
You hear a bellow!
You closely miss the orc warrior. Your headbutt misses the orc warrior.
The orc warrior is severely wounded.
You barely miss the yak. You block the yak's attack.
The orc warrior hits you with a +0 glaive!
You die...

. .................... ..
........####....###. ...
......# #........ ....
....# #........
.....#####..# #........
#.Y.........####........
..Y.....................
..######Y#########......
#...o@........ #......
..'..o.......... #......
..#............. ......
#............. .....
#............. ....
#............. ....
############### ....
#######...........########
#.....'...#######.#.......


You could see a yak, an orc warrior and an orc.

Vanquished Creatures
  A hornet (D:9)
  10 yaks
  A steam dragon (D:9)
  A water moccasin (D:7)
  A black bear (D:7)
  2 sky beasts
  3 ogres
  3 centaurs
  3 phantoms
  2 kobold brigands
  A bullfrog (D:7)
  6 necrophages
  3 scorpions
  10 wights
  2 howler monkeys (D:9)
  6 hounds
  A bullfrog zombie (D:7)
  A centaur zombie (D:7)
  4 jellies
  An orc priest (D:8)
  Crazy Yiuf (D:5)
  Ijyb (D:3)
  4 iguanas (D:5)
  Terence (D:3)
  4 orc wizards
  A killer bee zombie (D:7)
  4 gnolls (D:7)
  6 adders
  A white imp (D:6)
  2 worms
  3 dart slugs
  10 orcs
  9 endoplasms
  2 giant cockroaches
  6 goblins
  2 hobgoblins
  4 jackals (D:1)
  2 quokkas
  5 ball pythons
  5 bats
  2 frilled lizards
  17 kobolds
  5 rats
  2 bushes (D:7)
161 creatures vanquished.

Vanquished Creatures (others)
  A sky beast (D:8)
  8 plants (D:7)
9 creatures vanquished.

Grand Total: 170 creatures vanquished

Notes
Turn   | Place    | Note
-------+----------+-------------------------------------------
     0 | D:1      | Earthwalker the Minotaur Fighter began the quest for the
                  | Orb.
     0 | D:1      | Reached XP level 1. HP: 19/19 MP: 0/0
   286 | D:1      | Reached XP level 2. HP: 27/27 MP: 1/1
   329 | D:1      | Found a faded altar of an unknown god.
   436 | D:1      | Found Quzaomau's Jewellery Shoppe.
  1081 | D:2      | Reached XP level 3. HP: 33/33 MP: 2/2
  1230 | D:2      | Reached skill level 1 in Dodging
  1230 | D:2      | Reached XP level 4. HP: 41/41 MP: 3/3
  1530 | D:2      | Found a radiant altar of Vehumet.
  1796 | D:3      | Noticed Terence
  1802 | D:3      | Killed Terence
  1817 | D:3      | Found a snail-covered altar of Cheibriados.
  1846 | D:3      | Noticed Ijyb
  1866 | D:3      | Killed Ijyb
  1867 | D:3      | Reached XP level 5. HP: 40/47 MP: 4/4
  2437 | D:3      | Found Quecveun's Armour Shop.
  2638 | D:4      | Found an opulent altar of Gozag.
  2654 | D:4      | Noticed a phantom
  2666 | D:4      | Killed a phantom
  2667 | D:4      | Reached skill level 5 in Fighting
  2667 | D:4      | Reached skill level 5 in Armour
  2667 | D:4      | Reached skill level 5 in Shields
  2667 | D:4      | Reached XP level 6. HP: 46/56 MP: 5/5
  2781 | D:4      | Identified the +0 leather armour "Ockeo" {Dex+3 Slay+2}
  2851 | D:4      | Reached XP level 7. HP: 52/61 MP: 6/6
  2950 | D:4      | Found a burning altar of Makhleb.
  3449 | D:5      | Entered Level 5 of the Dungeon
  3454 | D:5      | Found a white marble altar of Elyvilon.
  3456 | D:5      | Found a hazy altar of Hepliaklqana.
  3458 | D:5      | Found a glowing silver altar of Zin.
  3507 | D:5      | Reached skill level 5 in Axes
  3908 | D:5      | Reached XP level 8. HP: 56/71 MP: 7/7
  3955 | D:5      | Found a runed translucent door.
  3956 | D:5      | Noticed Crazy Yiuf
  4151 | D:5      | Paralysed by Crazy Yiuf for 4 turns
  4156 | D:5      | Killed Crazy Yiuf
  4571 | D:6      | Found Nippetea's Book Shoppe.
  4573 | D:6      | Found Qulimait's Weapon Shop.
  4573 | D:6      | Found Fom Jyuw's Antique Weapon Shop.
  4915 | D:6      | Found a broken altar of Ashenzari.
  5318 | D:7      | Found a radiant altar of Vehumet.
  5332 | D:7      | Reached XP level 9. HP: 62/80 MP: 8/8
  5581 | D:7      | Found a basalt altar of Yredelemnul.
  5631 | D:7      | Found a blossoming altar of Fedhas.
  5746 | D:7      | Found a staircase to the Ecumenical Temple.
  5755 | Temple   | Entered the Ecumenical Temple
  5920 | Temple   | Became a worshipper of Warmaster Okawaru
  6355 | D:8      | HP: 4/81 [asphyx]
  6648 | D:8      | Reached * piety under Okawaru
  6773 | D:8      | Reached ** piety under Okawaru
  6774 | D:8      | Reached XP level 10. HP: 52/91 MP: 9/9
  7164 | D:9      | Found a hide-covered altar of Uskayaw.
  7172 | D:9      | Paralysed by a hornet for 2 turns
  7362 | D:9      | Found a shadowy altar of Dithmenos.
  7386 | D:9      | Slain by an orc warrior

Illustrated notes

Levels and vault maps discovered:
D:1:      dpeg_arrival_subterranean_lakeside_camping, layout_basic,
          hellmonk_ecumenical_altar_zigzags, serial_shops,
          nicolae_shop_window_shopping, dreamdust_wishing_well
D:2:      layout_loops_ring, basic_altar, kennysheep_donut
D:3:      layout_loops_corners, mainiacjoe_overflow_24_doors, serial_shops,
          shop, minmay_misc_feat_hallway, kennysheep_nub,
          chequers_serial_rivers_marsh, uniq_ijyb, uniq_terence
D:4:      layout_basic, kennysheep_mini, nicolae_gozag_seed_capital,
          minmay_misc_feat_four_crosses
D:5:      layout_basic, grunt_temple_overflow_open, uniq_crazy_yiuf_cottage
D:6:      layout_cave_pools, mainiacjoe_overflow_chevrons,
          nicolae_wooded_promenade
D:7:      layout_loops_ring, fedhas_altar_decomposition, general_overflow_altar,
          nicolae_vehumet_radiance, minmay_temple_entry_antechambers
D:8:      layout_basic
D:9:      layout_stronghold, nicolae_overflow_crystal_walls,
          overflow_temple_1_default, mainiacjoe_overflow_alcove_2, minivault_24,
          uniq_grum
Temple:   hellmonk_temple_forest_ring

Skill      XL: |  1  2  3  4  5  6  7  8  9 10 |
---------------+-------------------------------+-----
Fighting       | 4 5 6 7 9 |  9.7
Armour         | 4 5 6 7 9 |  9.7
Shields        | 4 5 6 7 9 |  9.7
Axes           | 3 4 5 7 8 9 |  9.2
Dodging        | 1 2 3 |  3.8

Action                   |  1- 3 |  4- 6 |  7- 9 | 10-12 || total
-------------------------+-------+-------+-------+-------++-------
Melee: War axe           |    70 |    75 |   307 |    46 ||   498
       Headbutt          |    10 |    13 |    61 |     8 ||    92
       Unarmed           |       |    20 |       |       ||    20
  Use: Scroll            |       |       |    10 |     2 ||    12
       Potion            |       |       |     3 |       ||     3
Armor: Scale mail        |    48 |    31 |     2 |       ||    81
       Skin              |       |     8 |       |       ||     8
       Plate armour      |       |       |   154 |    36 ||   190
Dodge: Dodged            |    35 |    57 |    92 |    17 ||   201
Block: Buckler           |    21 |       |       |       ||    21
       Kite shield       |       |    23 |   155 |    38 ||   216
